TOP OF THE 1ST |
Fresno State University Bulldogs batting - Pitching for UCLA Bruins : LHP Sandy Benitez
|
Pitching: LHP Sandy Benitez
|
|
Batting: RHB Justin Szymczyk
|
0-0: Called Strike 0-1: Ball 1-1: Ball 2-1: Swinging Strike 2-2: DOUBLE (Line Drive, 9LS, EV 95.6 MPH)
|
Batting: RHB Dou-wan Pan
|
0-0: Reached on error, E3 (Groundball, 34, EV 80.0 MPH) Justin Szymczyk to third
|
Batting: LHB Ricardo Sandoval
|
0-0: Ball 1-0: Ball 2-0: Foul Ball, location: 2F 2-1: Swinging Strike 2-2: Foul Ball, location: 2F 2-2: Ball 3-2: Fly out, F9 (Flyball, 9LD, EV 90.0 MPH) Runner from 3rd tags up, SCORES, throw by RF
|
Batting: RHB Adam Angeles
|
0-0: Called Strike 0-1: Ball 1-1: Foul Ball, location: 2F 1-2: Ball 2-2: Strikes out swinging
|
Batting: RHB Homer Petropoulos
|
0-0: Ball 1-0: Ball 2-0: Fly out, F2 (Popup, 2L, EV 88.8 MPH)
|
Top of the 1st over - 1 run, 1 hit, 1 error, 1 left on base; Fresno State University 1 - UCLA 0 |
BOTTOM OF THE 1ST |
UCLA Bruins batting - Pitching for Fresno State University Bulldogs : RHP Bob Bychyk
|
Pitching: RHP Bob Bychyk
|
|
Batting: RHB Hidesuke Yoshida
|
0-0: Ball 1-0: Ground out 5-3 (Groundball, 56S, EV 81.2 MPH)
|
Batting: RHB Benedikt Fleischmann
|
0-0: Ground out 5-3 (Groundball, 5S, EV 90.6 MPH)
|
Batting: RHB Xavier Reeves
|
0-0: Ball 1-0: Ground out U3 (Groundball, 3, EV 83.1 MPH)
|
Bottom of the 1st over - 0 runs, 0 hits, 0 errors, 0 left on base; Fresno State University 1 - UCLA 0 |
TOP OF THE 2ND |
Fresno State University Bulldogs batting - Pitching for UCLA Bruins : LHP Sandy Benitez
|
Batting: RHB Jaquan Brown
|
0-0: Called Strike 0-1: Foul Ball, location: 2F 0-2: Fly out, F9 (Flyball, 9D, EV 78.8 MPH)
|
Batting: RHB Andy Villarreal
|
0-0: Called Strike 0-1: Ball 1-1: Swinging Strike 1-2: Strikes out swinging
|
Batting: RHB Javier Brizuela
|
0-0: Called Strike 0-1: SOLO HOME RUN (Flyball, 78XD, EV 115.0 MPH), Distance : 427 ft
|
Batting: LHB Sloan Rayner
|
0-0: Called Strike 0-1: Ball 1-1: Ground out 6-3 (Groundball, 6M, EV 101.2 MPH)
|
Top of the 2nd over - 1 run, 1 hit, 0 errors, 0 left on base; Fresno State University 2 - UCLA 0 |
BOTTOM OF THE 2ND |
UCLA Bruins batting - Pitching for Fresno State University Bulldogs : RHP Bob Bychyk
|
Batting: RHB Angel Melendez
|
0-0: Ball 1-0: Ball 2-0: Foul Ball, location: 2F 2-1: Fly out, F9 (Flyball, 9LSF, EV 88.8 MPH)
|
Batting: SHB Sean Munns
|
0-0: SINGLE (Groundball, 3D, EV 95.0 MPH)
|
Batting: RHB Issac Konol
|
0-0: Ball 1-0: Swinging Strike 1-1: Hit by Pitch Sean Munns to second
|
Batting: RHB Juan Carrillo
|
0-0: Ball 1-0: Grounds into double play, 6-4-3 (Groundball, 6, EV 103.1 MPH)
|
Bottom of the 2nd over - 0 runs, 1 hit, 0 errors, 1 left on base; Fresno State University 2 - UCLA 0 |
TOP OF THE 3RD |
Fresno State University Bulldogs batting - Pitching for UCLA Bruins : LHP Sandy Benitez
|
Batting: RHB Justin Szymczyk
|
0-0: Ball 1-0: Foul Ball, location: 2F 1-1: Foul Ball, location: 2F 1-2: Ball 2-2: Strikes out swinging
|
Batting: RHB Dou-wan Pan
|
0-0: Called Strike 0-1: Fly out, F7 (Flyball, 7LSF, EV 87.5 MPH)
|
Batting: LHB Ricardo Sandoval
|
0-0: Foul Ball, location: 2F 0-1: Swinging Strike 0-2: Ball 1-2: Foul Ball, location: 2F 1-2: Ball 2-2: Foul Ball, location: 2F 2-2: Strikes out swinging
|
Top of the 3rd over - 0 runs, 0 hits, 0 errors, 0 left on base; Fresno State University 2 - UCLA 0 |
BOTTOM OF THE 3RD |
UCLA Bruins batting - Pitching for Fresno State University Bulldogs : RHP Bob Bychyk
|
Batting: LHB Bill Helmer
|
0-0: Called Strike 0-1: Ball 1-1: Foul Ball, location: 2F 1-2: Strikes out swinging
|
Batting: RHB Carlos Murillo
|
0-0: Ball 1-0: Called Strike 1-1: Ground out 6-3 (Groundball, 6S, EV 91.2 MPH)
|
Batting: RHB Hidesuke Yoshida
|
0-0: Foul Ball, location: 2F 0-1: Ball 1-1: Ball 2-1: Ball 3-1: Foul Ball, location: 2F 3-2: Base on Balls
|
Batting: RHB Benedikt Fleischmann
|
0-0: Ball Hidesuke Yoshida steals 2nd base 1-0: Ground out 1-3 (Groundball, 23, EV 66.2 MPH)
|
Bottom of the 3rd over - 0 runs, 0 hits, 0 errors, 1 left on base; Fresno State University 2 - UCLA 0 |
TOP OF THE 4TH |
Fresno State University Bulldogs batting - Pitching for UCLA Bruins : LHP Sandy Benitez
|
Batting: RHB Adam Angeles
|
0-0: Ball 1-0: Ground out U3 (Groundball, 34, EV 109.4 MPH)
|
Batting: RHB Homer Petropoulos
|
0-0: Ball 1-0: Called Strike 1-1: Called Strike 1-2: Foul Ball, location: 2F 1-2: Ball 2-2: Foul Ball, location: 2F 2-2: Foul Ball, location: 2F 2-2: Strikes out swinging
|
Batting: RHB Jaquan Brown
|
0-0: Ground out 5-3 (Groundball, 56S, EV 86.9 MPH)
|
Top of the 4th over - 0 runs, 0 hits, 0 errors, 0 left on base; Fresno State University 2 - UCLA 0 |
BOTTOM OF THE 4TH |
UCLA Bruins batting - Pitching for Fresno State University Bulldogs : RHP Bob Bychyk
|
Batting: RHB Xavier Reeves
|
0-0: Called Strike 0-1: Ball 1-1: DOUBLE (Groundball, 5L, EV 105.6 MPH)
|
Batting: RHB Angel Melendez
|
0-0: Called Strike 0-1: Ball 1-1: Foul Ball, location: 2F 1-2: Strikes out swinging
|
Batting: SHB Sean Munns
|
0-0: Ball 1-0: Ball 2-0: Foul Ball, location: 2F 2-1: Fly out, F9 (Flyball, 89S, EV 90.0 MPH)
|
Batting: RHB Issac Konol
|
0-0: Ball 1-0: Called Strike 1-1: Swinging Strike 1-2: Strikes out swinging
|
Bottom of the 4th over - 0 runs, 1 hit, 0 errors, 1 left on base; Fresno State University 2 - UCLA 0 |
TOP OF THE 5TH |
Fresno State University Bulldogs batting - Pitching for UCLA Bruins : LHP Sandy Benitez
|
Batting: RHB Andy Villarreal
|
0-0: Ball 1-0: Swinging Strike 1-1: Foul Ball, location: 2F 1-2: SINGLE (Groundball, 6MD, EV 100.0 MPH)
|
Batting: RHB Javier Brizuela
|
0-0: Sac Bunt to 3S - play at first, batter OUT! 3-4 Andy Villarreal to second
|
Batting: LHB Sloan Rayner
|
0-0: Swinging Strike 0-1: Ball 1-1: Ball 2-1: Swinging Strike 2-2: Strikes out swinging
|
Batting: RHB Justin Szymczyk
|
0-0: Ball 1-0: Fly out, F9 (Flyball, 89S, EV 82.5 MPH)
|
Top of the 5th over - 0 runs, 1 hit, 0 errors, 1 left on base; Fresno State University 2 - UCLA 0 |
BOTTOM OF THE 5TH |
UCLA Bruins batting - Pitching for Fresno State University Bulldogs : RHP Bob Bychyk
|
Batting: RHB Juan Carrillo
|
0-0: Foul Ball, location: 2F 0-1: Swinging Strike 0-2: Foul Ball, location: 2F 0-2: Ball 1-2: Fly out, F3 (Popup, 3, EV 65.6 MPH)
|
Batting: LHB Bill Helmer
|
0-0: Ball 1-0: Fly out, F6 (Popup, 6M, EV 55.6 MPH)
|
Batting: RHB Carlos Murillo
|
0-0: Ground out 3-1 (Groundball, 34, EV 80.0 MPH)
|
Bottom of the 5th over - 0 runs, 0 hits, 0 errors, 0 left on base; Fresno State University 2 - UCLA 0 |
TOP OF THE 6TH |
Fresno State University Bulldogs batting - Pitching for UCLA Bruins : LHP Sandy Benitez
|
Batting: RHB Dou-wan Pan
|
0-0: Called Strike 0-1: Called Strike 0-2: Ball 1-2: Fly out, F8 (Flyball, 8LD, EV 101.9 MPH)
|
Batting: LHB Ricardo Sandoval
|
0-0: Ball 1-0: Called Strike 1-1: Ball 2-1: Foul Ball, location: 2F 2-2: Ball 3-2: Fly out, F7 (Flyball, 78M, EV 91.9 MPH)
|
Batting: RHB Adam Angeles
|
0-0: Called Strike 0-1: Ball 1-1: Ball 2-1: Foul Ball, location: 2F 2-2: Foul Ball, location: 2F 2-2: Strikes out swinging
|
Top of the 6th over - 0 runs, 0 hits, 0 errors, 0 left on base; Fresno State University 2 - UCLA 0 |
BOTTOM OF THE 6TH |
UCLA Bruins batting - Pitching for Fresno State University Bulldogs : RHP Bob Bychyk
|
Batting: RHB Hidesuke Yoshida
|
0-0: Called Strike 0-1: Ball 1-1: Ground out 1-3 (Groundball, P, EV 66.2 MPH)
|
Batting: RHB Benedikt Fleischmann
|
0-0: Ball 1-0: Foul Ball, location: 2F 1-1: Called Strike 1-2: Ball 2-2: Ball 3-2: Strikes out looking
|
Batting: RHB Xavier Reeves
|
0-0: Ground out 3-1 (Groundball, 34S, EV 86.9 MPH)
|
Bottom of the 6th over - 0 runs, 0 hits, 0 errors, 0 left on base; Fresno State University 2 - UCLA 0 |
TOP OF THE 7TH |
Fresno State University Bulldogs batting - Pitching for UCLA Bruins : LHP Sandy Benitez
|
Pitching: RHP Mark Crawford
|
|
Batting: RHB Homer Petropoulos
|
0-0: SINGLE (Groundball, 56D, EV 108.1 MPH)
|
Batting: RHB Jaquan Brown
|
0-0: Ball 1-0: Bunted foul 1-1: Sac Bunt to 15S - play at second, runner safe!
|
Batting: RHB Andy Villarreal
|
0-0: Foul Ball, location: 2F 0-1: Foul Ball, location: 2F 0-2: SINGLE (Line Drive, 34D, EV 96.9 MPH) Homer Petropoulos to third Jaquan Brown to second
|
Batting: RHB Javier Brizuela
|
0-0: Ball 1-0: Foul Ball, location: 2F 1-1: Foul Ball, location: 2F 1-2: Strikes out looking
|
Batting: LHB Sloan Rayner
|
0-0: Ball 1-0: Grounds into fielders choice 6-2 (Groundball, 6, EV 90.0 MPH) Jaquan Brown to third Andy Villarreal to second
|
Batting: RHB Justin Szymczyk
|
0-0: Fly out, F9 (Flyball, 89M, EV 77.5 MPH)
|
Top of the 7th over - 0 runs, 2 hits, 0 errors, 3 left on base; Fresno State University 2 - UCLA 0 |
BOTTOM OF THE 7TH |
UCLA Bruins batting - Pitching for Fresno State University Bulldogs : RHP Bob Bychyk
|
Batting: RHB Angel Melendez
|
0-0: Called Strike 0-1: Foul Ball, location: 2F 0-2: Foul Ball, location: 2F 0-2: Ball 1-2: Foul Ball, location: 2F 1-2: Ball 2-2: Foul Ball, location: 2F 2-2: Ground out 4-3 (Groundball, 4, EV 75.6 MPH)
|
Batting: SHB Sean Munns
|
0-0: Called Strike 0-1: Ball 1-1: Foul Ball, location: 2F 1-2: Strikes out swinging
|
Batting: RHB Issac Konol
|
0-0: Ball 1-0: Swinging Strike 1-1: Foul Ball, location: 2F 1-2: Ball 2-2: Foul Ball, location: 2F 2-2: Strikes out swinging
|
Bottom of the 7th over - 0 runs, 0 hits, 0 errors, 0 left on base; Fresno State University 2 - UCLA 0 |
TOP OF THE 8TH |
Fresno State University Bulldogs batting - Pitching for UCLA Bruins : RHP Mark Crawford
|
Pitching: RHP Alex Rosales
|
|
Batting: RHB Dou-wan Pan
|
0-0: Foul Ball, location: 2F 0-1: Fly out, F8 (Flyball, 8RD, EV 100.6 MPH)
|
Batting: LHB Ricardo Sandoval
|
0-0: Ball 1-0: Ground out 4-3 (Groundball, 4MD, EV 106.9 MPH)
|
Batting: RHB Adam Angeles
|
0-0: SINGLE (Groundball, 5D, EV 97.5 MPH)
|
Batting: RHB Homer Petropoulos
|
0-0: Called Strike 0-1: Ball 1-1: Called Strike 1-2: Fielders Choice at 2nd, 6-4 (Groundball, 6, EV 109.4 MPH)
|
Top of the 8th over - 0 runs, 1 hit, 0 errors, 1 left on base; Fresno State University 2 - UCLA 0 |
BOTTOM OF THE 8TH |
UCLA Bruins batting - Pitching for Fresno State University Bulldogs : RHP Bob Bychyk
|
Pitching: LHP Berry Caron
|
|
Batting: RHB Juan Carrillo
|
0-0: Fly out, F8 (Flyball, 8LD, EV 93.1 MPH)
|
Pinch Hitting: RHB Michael Alvarado
|
0-0: Ball 1-0: Swinging Strike 1-1: Swinging Strike 1-2: Foul Ball, location: 2F 1-2: Ball 2-2: Foul Ball, location: 2F 2-2: Foul Ball, location: 2F 2-2: Foul Ball, location: 2F 2-2: Foul Ball, location: 2F 2-2: Foul Ball, location: 2F 2-2: Fly out, F8 (Flyball, 78D, EV 105.0 MPH)
|
Batting: RHB Carlos Murillo
|
0-0: Called Strike 0-1: Called Strike 0-2: Fly out, F8 (Line Drive, 8LM, EV 88.1 MPH)
|
Bottom of the 8th over - 0 runs, 0 hits, 0 errors, 0 left on base; Fresno State University 2 - UCLA 0 |
TOP OF THE 9TH |
Fresno State University Bulldogs batting - Pitching for UCLA Bruins : RHP Alex Rosales
|
Now in LF: Jason Pugh
|
|
Batting: RHB Jaquan Brown
|
0-0: Ball 1-0: Called Strike 1-1: Ball 2-1: Ball 3-1: Foul Ball, location: 2F 3-2: SOLO HOME RUN (Flyball, 78XD, EV 108.8 MPH), Distance : 419 ft
|
Pinch Hitting: RHB John Carpenter
|
0-0: Foul Ball, location: 2F 0-1: Swinging Strike 0-2: Ball 1-2: Ball 2-2: Strikes out swinging
|
Batting: RHB Javier Brizuela
|
0-0: Ground out 5-3 (Groundball, 56, EV 87.5 MPH)
|
Pinch Hitting: SHB Mike Fermin
|
0-0: Called Strike 0-1: Foul Ball, location: 2F 0-2: Foul Ball, location: 2F 0-2: Ball 1-2: Foul Ball, location: 2F 1-2: Ball 2-2: Ball 3-2: Strikes out swinging
|
Top of the 9th over - 1 run, 1 hit, 0 errors, 0 left on base; Fresno State University 3 - UCLA 0 |
BOTTOM OF THE 9TH |
UCLA Bruins batting - Pitching for Fresno State University Bulldogs : LHP Berry Caron
|
Pitching: RHP Francisco Santos
|
|
Now at 1B: Chris Viehman
|
|
Now in LF: Kevin Feldman
|
|
Pinch Hitting: LHB Scott Mullett
|
0-0: Called Strike 0-1: Foul Ball, location: 2F 0-2: Ball 1-2: Fly out, F9 (Flyball, 9, EV 88.1 MPH)
|
Pinch Hitting: LHB Mark Cummings
|
0-0: Called Strike 0-1: SINGLE (Line Drive, 3D, EV 102.5 MPH)
|
Pinch Hitting: RHB Roman Lauder
|
0-0: Called Strike 0-1: Ball 1-1: Ball 2-1: Fly out, F7 (Flyball, 7, EV 88.1 MPH)
|
Batting: RHB Angel Melendez
|
0-0: Ball 1-0: Ball 2-0: Ball 3-0: Base on Balls Mark Cummings to second
|
Batting: SHB Sean Munns
|
0-0: Ball 1-0: Ball 2-0: Ball 3-0: Base on Balls Mark Cummings to third Angel Melendez to second
|
Batting: RHB Issac Konol
|
0-0: Ball 1-0: Ball 2-0: Ball 3-0: Base on Balls Mark Cummings scores Angel Melendez to third Sean Munns to second
|
Batting: RHB Juan Carrillo
|
0-0: Ball 1-0: Ground out 1-3 (Groundball, 13, EV 65.0 MPH)
|
Bottom of the 9th over - 1 run, 1 hit, 0 errors, 3 left on base; Fresno State University 3 - UCLA 1 |
|